Lina, chaotic female human Wizard --- --- --.---- ---- |.-- --- |.....-- --- |..--- |..---.-- ----- ---- --.....-- |..---....| --......-- |...------..| --.....--|.........--- ---.--..| --......--...| ---- ---....----.---.....| ---|-.| --............| --..-- |.....--|.-----...--- --.-| --...........--- ---....| ----....|..-- ---...| |...| |..........--- |....)-------------........--- ---.--- --...| |..........| --.........)........=...*.)..| |...| |....--- |...*^.....| |....--------..--------(....| ---.--- |......| # ##..........| --....| |.....%.| |.....- |...----------.--..-#-###...------.| --....---|.......-- |)---... ---....B@.....%......####.--- --- ---..|....|--.......| |.| --- |...------------...##...| |...-|....---.(.---.----|>| ----- --....|.--- |..--|.....)..%-| |...|.|.| |.......| ---- ---.....[..| |.......| |.....--- |-......-- ----....| --....| |.......| --...| ---.-- --.--.--- ----- --- ------ Lina the Thaumaturge Experience level: 7 Strength: 9 Dexterity: 15 Constitution: 16 Intelligence: 16 Wisdom: 14 Charisma: 7 Health: 0(52) Energy: 15(75) Def: 1 Gold: 366 Moves: 4121 Dungeon seed: nt3a1Ci6cFoUc2yl Game ID: Lina_1438208600 Your Inventory: Coins $ - 366 gold pieces Weapons a - a blessed +1 quarterstaff (weapon in hands) Armor e - an uncursed +0 cloak of magic resistance (being worn) Y - an uncursed +1 cloak of invisibility Comestibles B - an uncursed lizard corpse Scrolls i - a blessed scroll of identify j - an uncursed scroll of magic mapping k - an uncursed scroll of destroy armor t - an uncursed scroll of enchant weapon w - an uncursed scroll of identify A - an uncursed scroll of blank paper N - an uncursed scroll of charging Spellbooks l - a blessed spellbook of force bolt m - a blessed spellbook of magic missile n - an uncursed spellbook of remove curse C - an uncursed spellbook of slow monster D - an uncursed spellbook of create monster J - an uncursed spellbook of detect monsters Potions f - an uncursed potion of monster detection g - a blessed potion of restore ability h - 2 uncursed potions of restore ability z - an uncursed potion of oil Rings c - an uncursed ring of searching d - an uncursed +1 ring of adornment H - an uncursed ring of teleport control Wands b - a wand of probing (0:8) y - a wand of enlightenment (0:12) Tools o - a magic marker (0:92) s - 8 uncursed tallow candles (0:200) v - a blessed wax candle (0:400) L - 2 uncursed partly used tallow candles (0:159) M - a blessed tallow candle (0:200) S - 10 uncursed wax candles (0:400) T - a magic harp (0:8) U - an uncursed tin whistle V - 2 cursed wax candles (0:400) Gems q - an uncursed worthless piece of blue glass r - an uncursed worthless piece of white glass u - an uncursed worthless piece of yellowish brown glass Spells and supernatural/magical abilities: Name Level Category Fail Memory a - force bolt 1 attack 0% 80% m - magic missile 2 attack 0% 80% n - detect monsters 1 divination 0% 94% r - create monster 2 clerical 57% 91% s - slow monster 2 enchantment 0% 98% O - remove curse 3 clerical 91% 80% W - pray for help -- divine ? -- Your skills at the end: Fighting Skills Weapon Skills quarterstaff [Skilled] Spellcasting Skills attack spells [Basic] enchantment spells [Basic] Final Attributes: You were piously aligned. You were magic-protected. You were very fast. You are dead. Vanquished creatures: 2 lizards a dwarf lord a plains centaur a gnome mummy a human zombie a rock piercer a yellow light a shrieker 5 gnome lords 2 gnomish wizards an elf zombie a ghoul a straw golem a giant ant 7 dwarves a kobold lord 3 kobold shamans a monkey an acid blob 2 hobbits a cave spider 4 brown molds 2 yellow molds a green mold a red mold 29 gnomes 2 garter snakes a gnome zombie 5 geckos 9 jackals 5 foxen a kobold a goblin a sewer rat 2 grid bugs a lichen 6 newts 107 creatures vanquished. Voluntary challenges: You used a wielded weapon 107 times, starting on turn 99. You read items or engraved 11 times, starting on turn 739. You never genocided any monsters. You never polymorphed an object. You never changed form. You used no wishes. You never split a pudding. You wrote Elbereth's name 3 times, starting on turn 739. You never violated your personal moral code. Dungeon overview: The Dungeons of Doom: levels 1 to 4 Level 1 an altar to Thoth, some fountains a long staircase Level 2 an altar to Anhur, a fountain, a sink Level 3 Level 4 an altar to Ptah, some fountains, a sink stairs to The Gnomish Mines The Gnomish Mines: levels 5 to 7 Level 5 stairs to The Dungeons of Doom Level 6 Level 7 <- You were here History has recorded: On T:1 you entered the Dungeons of Doom to retrieve the Amulet of Yendor! On T:122 you reached level 2 of The Dungeons of Doom. On T:622 you reached level 3 of The Dungeons of Doom. On T:949 you advanced to experience level 2. On T:973 you reached level 4 of The Dungeons of Doom. On T:1334 you advanced to experience level 3. On T:1628 you reached level 1 of The Gnomish Mines. On T:1723 you advanced to experience level 4. On T:1895 you reached level 2 of The Gnomish Mines. On T:1912 you advanced to experience level 5. On T:2823 you advanced to experience level 6. On T:3117 you reached level 3 of The Gnomish Mines. On T:3510 you advanced to experience level 7. Score breakdown: Gold: 366 ( 36 points) Experience: 7 levels ( 600 points) Exploration: 7 levels ( 180 points) Discoveries: 10 items ( 500 points) Variety of kills: 37 monsters ( 1850 points) Major goal: (nothing yet) ( 0 points) Survival: died (score multiplied by 3) Total score: 9498 Latest messages: You hit the giant bat. The giant bat bites! You die... Final status: Goodbye Lina the Wizard, killed by a giant bat... You died in The Gnomish Mines on dungeon level 7 with 9498 points, and 366 pieces of gold, after 4121 moves. You were level 7 with a maximum of 52 hit points when you died.